 Dungeon Crawl Stone Soup version 0.30-a0-639-g3916f1956a (webtiles) character file.

Game seed: 14056700408293841967

18 holysushi the Trooper (level 2, -7/29 HPs)
             Began as a Gnoll Wanderer on Jan 17, 2023.
             Mangled by Natasha (8 damage)
             ... on level 2 of the Dungeon.
             The game lasted 00:01:38 (719 turns).

holysushi the Trooper (Gnoll Wanderer)               Turns: 719, Time: 00:01:38

Health: -7/29      AC:  2    Str: 10    XL:     2   Next: 70%
Magic:  5/5        EV: 12    Int: 11    God:
Gold:   37         SH:  0    Dex: 12    Spells: 5/6 levels left

rFire   . . .      SeeInvis .    e - +0 short sword
rCold   . . .      Faith    .    (no shield)
rNeg    . . .      Spirit   .    c - +0 robe
rPois   .          Reflect  .    (no helmet)
rElec   .          Harm     .    (no cloak)
rCorr   .          Rampage  .    (no gloves)
Will    .....                    (no boots)
Stlth   +                        (no amulet)
HPRegen 0.24/turn                (no ring)
MPRegen 0.09/turn                (no ring)

@: no status effects
A: fangs 1, strong nose, distributed training
a: no special abilities


You were on level 2 of the Dungeon.
You visited 1 branch of the dungeon, and saw 2 of its levels.

You collected 37 gold pieces.

Inventory:

Hand Weapons
 a - a +0 dagger
 e - a +0 short sword (weapon)
Armour
 c - a +0 robe (worn)
Magical Staves
 j - a staff of earth
Jewellery
 i - a ring of ice
Scrolls
 g - 3 scrolls of identify {unknown}
 h - a scroll of torment {unknown}
 k - a scroll of teleportation {unknown}
Potions
 b - a potion of berserk rage
 d - a potion of mutation
 f - a potion of invisibility {unknown}
 l - a potion of lignification {unknown}


   Skills:
 + Level 6.5 Fighting
 + Level 0.5 Short Blades
 + Level 0.5 Long Blades
 + Level 0.5 Axes
 + Level 0.5 Maces & Flails
 + Level 0.5 Polearms
 + Level 0.5 Staves
 + Level 0.5 Ranged Weapons
 + Level 0.5 Throwing
 + Level 2.5 Armour
 + Level 2.5 Dodging
 + Level 0.5 Stealth
 + Level 0.5 Shields
 + Level 0.5 Unarmed Combat
 + Level 2.7 Spellcasting
 + Level 0.3 Conjurations
 + Level 0.3 Hexes
 + Level 3.7 Summonings
 + Level 2.0 Necromancy
 + Level 0.3 Translocations
 + Level 0.3 Transmutations
 + Level 0.3 Fire Magic
 + Level 0.3 Ice Magic
 + Level 0.3 Air Magic
 + Level 0.3 Earth Magic
 + Level 0.3 Poison Magic
 + Level 2.5 Invocations
 + Level 0.5 Evocations


You had 5 spell levels left.
You knew the following spells:

 Your Spells              Type           Power      Damage    Failure   Level
a - Summon Small Mammal   Summ           36%        N/A       6%          1

Your spell library contained the following spells:

 Spells                   Type           Power      Damage    Failure   Level
 Sublimation of Blood     Necr           6%         N/A       17%         2
 Call Canine Familiar     Summ           9%         N/A       19%         3
 Cigotuvi's Dreadful Rot  Necr/Pois/Air  6%         N/A       28%         2
 Ensorcelled Hibernation  Hex/Ice        4%         N/A       34%         2
 Spider Form              Tmut/Pois      2%         N/A       56%         3
 Summon Ice Beast         Ice/Summ       5%         N/A       75%         4
 Anguish                  Hex/Necr       2%         N/A       86%         4


Dungeon Overview and Level Annotations

Branches:
Dungeon (2/15) Zot: 11270

Altars:

Annotations:
D:2 Natasha


Innate Abilities, Weirdness & Mutations

You have very sharp teeth.
Your uncanny sense of smell can sniff out nearby items.
Your experience applies equally to all skills.


Message History

HP restored.
e - a +0 short sword (weapon)
You climb downwards.
Level annotation: Natasha
There is a stone staircase leading up here.
You miss the frilled lizard. The frilled lizard misses you.
You hit the frilled lizard.
You kill the frilled lizard!
Natasha casts a spell at you. The magic dart hits you!
You climb upwards.
There is a stone staircase leading down here.
You start resting.
HP restored.
You climb downwards.
Level annotation: Natasha Natasha mumbles some strange words.
You feel disoriented. Natasha claws you!
There is a stone staircase leading up here.
You barely miss Natasha. Natasha misses you.
You closely miss Natasha.
Natasha stares at you and mumbles some strange words.
The magic dart hits you.
You miss Natasha. Your bite misses Natasha.
Natasha mumbles some strange words.
You miss Natasha. Your bite misses Natasha. Natasha closely misses you.
You hit Natasha but do no damage. Natasha claws you.
You hit Natasha but do no damage.
The white imp hits you but does no damage.
Natasha closely misses you.
You hit Natasha but do no damage. The white imp hits you.
The white imp freezes you. Natasha claws you!
* * * LOW HITPOINT WARNING * * *
The white imp hits you.
* * * LOW HITPOINT WARNING * * *
The white imp freezes you.
* * * LOW HITPOINT WARNING * * *
Natasha claws you!
You die...

.. #..#
..#..# .#..#
...####
.....#
######.##.#
#......##.#
##.....h@#.#
........5##.#
....##+#....#
..!.##.#..###
....l..#..#
#....#
.......####
.......
.....#.


You could see Natasha and a white imp (summoned).

Vanquished Creatures
  A ball python (D:1)
  2 endoplasms (D:1)
  2 goblins (D:1)
  3 hobgoblins (D:1)
  2 bats (D:1)
  4 frilled lizards
  2 kobolds (D:1)
  2 rats (D:1)
18 creatures vanquished.

Notes
Turn   | Place    | Note
-------+----------+-------------------------------------------
     0 | D:1      | holysushi the Gnoll Wanderer began the quest for the Orb.
     0 | D:1      | holysushi set off with the following items: a +0 dagger, a
                  | potion of berserk rage, a +0 robe, a potion of mutation;
                  | and the following spell memorised: Summon Small Mammal; and
                  | the following spells available to memorise: Sublimation of
                  | Blood, Call Canine Familiar, Cigotuvi's Dreadful Rot,
                  | Summon Ice Beast.
     0 | D:1      | Reached XP level 1. HP: 23/23 MP: 4/4
   227 | D:1      | Reached XP level 2. HP: 28/29 MP: 5/5
   644 | D:2      | Noticed Natasha
   719 | D:2      | HP: 1/29 [white imp[Natasha] (2)]
   719 | D:2      | Mangled by Natasha

Illustrated notes

Levels and vault maps discovered:
D:1:      mrwooster_arrival_arrow, layout_rooms
D:2:      layout_basic, uniq_natasha

Skill      XL: |  1 |
---------------+----+-----
Necromancy     | 2 |  2.0
Fighting       | |  6.5
Short Blades   | |  0.5
Long Blades    | |  0.5
Axes           | |  0.5
Maces & Flails | |  0.5
Polearms       | |  0.5
Staves         | |  0.5
Ranged Weapons | |  0.5
Throwing       | |  0.5
Armour         | |  2.5
Dodging        | |  2.5
Stealth        | |  0.5
Shields        | |  0.5
Unarmed Combat | |  0.5
Spellcasting   | |  2.7
Conjurations   | |  0.3
Hexes          | |  0.3
Summonings     | |  3.7
Translocations | |  0.3
Transmutations | |  0.3
Fire Magic     | |  0.3
Ice Magic      | |  0.3
Air Magic      | |  0.3
Earth Magic    | |  0.3
Poison Magic   | |  0.3
Invocations    | |  2.5
Evocations     | |  0.5

Action                   || total
-------------------------++-------
Melee: Short sword       ||    27
       Staff             ||    47
       Bite              ||     4
       Punch             ||     1
 Stab: Sleeping          ||     2
Armor: Robe              ||    15
Dodge: Dodged            ||    56

Table legend: (Time is in decaauts)
 A = Elapsed time spent in this place.
 B = Non-inter-level travel time spent in this place.
 C = Inter-level travel time spent in this place.
 D = Time resting spent in this place.
 E = Time spent auto-exploring this place.
 F = Levels seen in this place.
 G = Mean time per level.
                   A        B        C        D        E       F      G
               +--------+--------+--------+--------+--------+-----+--------+
         Total |    728 |    704 |     24 |    103 |    367 |   2 |  364.0 |
       Dungeon |    728 |    704 |     24 |    103 |    367 |   2 |  364.0 |
               +--------+--------+--------+--------+--------+-----+--------+

Top non-repeatable levels by time:
     D:1: 698 daAuts
     D:2: 29 daAuts
